 Dungeon Crawl Stone Soup version 0.26.1-11-gd32895ea62 (webtiles) character file.

Game seed: 7631681099770805200

261 H0rd4k the Insei (level 6, -1/58 HPs)
             Began as an Octopode Transmuter on May 5, 2021.
             Killed by divine providence
             ... invoked by an orc priest
              (15 damage)
             ... on level 3 of the Dungeon.
             The game lasted 00:01:20 (2260 turns).

H0rd4k the Insei (Octopode Transmuter)              Turns: 2260, Time: 00:01:21

Health: -1/58      AC: 23    Str:  9    XL:     6   Next: 18%
Magic:  10/10      EV:  2    Int: 17    God:
Gold:   65         SH:  0    Dex: 13    Spells: 1/10 levels left

rFire    + . .     SeeInvis .     - Unarmed
rCold    + . .     Faith    .   (no shield)
rNeg     + + +     Spirit   .   (helmet currently unavailable)
rPois    +         Reflect  .   (no amulet)
rElec    +         Harm     .   (no ring)
rCorr    +         Rampage  .   (no ring)
Will     .....     NoTele   +   (no ring)
Stlth    ++........             (no ring)
HPRegen  0.19/turn              (no ring)
MPRegen  0.12/turn              (no ring)
                                (no ring)
                                (no ring)

@: tree-form, resistant
A: almost no armour, stealthy swim, (amphibious), 8 rings, (constrict 8)
a: no special abilities


You were on level 3 of the Dungeon.
You were a tree.
You visited 1 branch of the dungeon, and saw 3 of its levels.

You collected 65 gold pieces.

Inventory:

Armour
 h - a +1 hat (melded)
Wands
 l - a wand of disintegration (11)
Scrolls
 b - a scroll of remove curse {unknown}
 e - 3 scrolls of identify {unknown}
 i - a scroll of amnesia {unknown}
Potions
 c - 2 potions of lignification
 f - a potion of degeneration {unknown}
 g - a potion of mutation {unknown}
 j - a potion of curing
 k - a potion of cancellation {unknown}


   Skills:
 + Level 1.7 Fighting
 + Level 2.8 Dodging
 + Level 1.7 Stealth
 + Level 4.8 Unarmed Combat
 * Level 2.7 Spellcasting
 * Level 2.8 Transmutations
 + Level 1.9 Poison Magic


You had one spell level left.
You knew the following spells:

 Your Spells              Type           Power        Failure   Level
a - Beastly Appendage     Tmut           22%          6%          1
b - Spider Form           Tmut/Pois      5%           21%         3
c - Blade Hands           Tmut           5%           85%         5

Your spell library contained the following spells:

 Spells                   Type           Power        Failure   Level
 Wereblood                Tmut           11%          9%          2
 Ice Form                 Ice/Tmut       7%           69%         4


Dungeon Overview and Level Annotations

Branches:
Dungeon (3/15)

Altars:
Ashenzari
Elyvilon
Uskayaw
Wu Jian
Zin


Innate Abilities, Weirdness & Mutations

You cannot wear most types of armour.
You are very stealthy in the water. (Stealth+)
((You are amphibious.))
You can wear up to eight rings at the same time.
((You can use your tentacles to constrict eight enemies at once.))
((Your skin changes colour to match your surroundings (Stealth+).))
((Your rubbery body absorbs attacks. (AC +1, EV +1)))


Message History

You tentacle-slap the orc.
The orc is almost dead.
You constrict the orc.
You kill the orc!
The orc priest shouts!
Items here: )) [ †††.
The orc priest mumbles some strange prayers to Beogh against you.
You barely resist.
The orc priest mumbles some strange prayers to Beogh against you.
Beogh smites you!
* * * LOW HITPOINT WARNING * * *
It was a potion of lignification.
You turn into a tree.
Your +1 hat melds into your body.
Your roots penetrate the ground.
It was a potion of magic.
Magic courses through your body.
It was a potion of resistance.
You feel protected.
It was a potion of curing.
You feel better.
The orc priest invokes the aid of Beogh against you.
Beogh smites you!
You die...

#.# .... ......
#.#.## .###..#.#
...... .... #..#
### #.# #..# ..#
.. ..# #.#
#...##.# #.#
#?####....#♣#
#.#
#.#.....#.#.#
#.#
#....#....#.#
##.#
#.....o...o.#
##.#.
#...#..###)#
#########.###
#.....# #)#
#............
#.o###.#
#.#######.###
##......# #.#
#..#.
#......#####.###
#...#


You could see an orc priest.

Vanquished Creatures
  Sigmund (D:2)
  An orc wizard (D:3)
  Jessica (D:2)
  An ooze (D:1)
  A worm (D:3)
  A leopard gecko (D:2)
  4 orcs (D:3)
  6 bats
  A giant cockroach (D:1)
  5 goblins
  7 hobgoblins
  2 jackals (D:1)
  5 kobolds
  A frilled lizard (D:3)
  A leopard gecko skeleton (D:2)
  A rat (D:1)
39 creatures vanquished.

Notes
Turn   | Place    | Note
-------+----------+-------------------------------------------
     0 | D:1      | H0rd4k the Octopode Transmuter began the quest for the Orb.
     0 | D:1      | Reached XP level 1. HP: 13/13 MP: 3/3
   109 | D:1      | Reached XP level 2. HP: 11/18 MP: 5/5
   756 | D:1      | Reached XP level 3. HP: 18/23 MP: 6/6
   857 | D:1      | Learned a level 3 spell: Spider Form
  1061 | D:2      | Noticed Sigmund
  1072 | D:2      | Killed Sigmund
  1073 | D:2      | Reached skill level 1 in Stealth
  1073 | D:2      | Reached skill level 4 in Unarmed Combat
  1073 | D:2      | Reached skill level 1 in Poison Magic
  1073 | D:2      | Reached XP level 4. HP: 6/28 MP: 7/7
  1073 | D:2      | Reached XP level 5. HP: 7/33 MP: 8/8
  1309 | D:2      | Noticed Jessica
  1317 | D:2      | Killed Jessica
  1674 | D:2      | Found a white marble altar of Elyvilon.
  1677 | D:2      | Found a glowing silver altar of Zin.
  1680 | D:2      | Found a hide-covered altar of Uskayaw.
  1688 | D:2      | Found an ornate altar of the Wu Jian Council.
  1879 | D:3      | Reached XP level 6. HP: 29/39 MP: 8/10
  1885 | D:3      | Learned a level 5 spell: Blade Hands
  2092 | D:3      | Found a broken altar of Ashenzari.
  2260 | D:3      | Killed from afar by an orc priest

Illustrated notes

Levels and vault maps discovered:
D:1:      erik_arrival_triangle_medium, layout_basic, roderic_malta_cross
D:2:      layout_rooms, grunt_temple_overflow_cloverleaf, serial_corexii_hall,
          corexii_hall_statues_l, corexii_hall_statues_t, uniq_sigmund,
          uniq_jessica
D:3:      layout_loops_ring, lemuel_doored_altar

Skill      XL: |  1  2  3 |
---------------+----------+-----
Stealth        | 1 |  1.7
Unarmed Combat | 4 |  4.8
Poison Magic   | 1 |  1.9
Fighting       | |  1.7
Dodging        | |  2.8
Spellcasting   | |  2.7
Transmutations | |  2.8

Action                   |  1- 3 |  4- 6 || total
-------------------------+-------+-------++-------
Melee: Unarmed           |    57 |    46 ||   103
       Constrict         |    14 |    12 ||    26
       Tentacles         |     9 |     8 ||    17
       Punch             |     1 |       ||     1
  Use: Potion            |       |     4 ||     4
 Stab: Sleeping          |       |     3 ||     3
Armor: Skin              |     4 |     2 ||     6
Dodge: Dodged            |    41 |    21 ||    62
